 Dungeon Crawl Stone Soup version 0.29.1-15-g9cfb28693d (webtiles) character file.

Game seed: 10653276158171837175

206 caek the Trooper (level 5, -3/70 HPs)
             Began as a Minotaur Berserker on Apr 8, 2023.
             Was a Priest of Trog.
             Slain by a gnoll
             ... wielding a +0 halberd
             ... led by a gnoll bouda
              (10 damage)
             ... on level 4 of the Dungeon.
             The game lasted 00:04:23 (3889 turns).

caek the Trooper (Minotaur Berserker)               Turns: 3889, Time: 00:04:24

Health: -3/70      AC:  2    Str: 24    XL:     5   Next: 53%
Magic:  4/4        EV: 12    Int:  4    God:    Trog [***...]
Gold:   204        SH:  0    Dex:  9    Spells: 4/4 levels left

rFire   . . .      SeeInvis .   a - +0 hand axe
rCold   . . .      Faith    .   (no shield)
rNeg    . . .      Spirit   .   b - +0 animal skin
rPois   .          Reflect  .   (helmet restricted)
rElec   .          Harm     .   (no cloak)
rCorr   .          Rampage  .   (no gloves)
Will    .....                   (no boots)
Stlth   ..........              (no amulet)
HPRegen 0.21/turn               (no ring)
MPRegen 0.09/turn               (no ring)

@: berserking (expiring), weakened, very quick
A: horns 2, retaliatory headbutt
a: Renounce Religion, Berserk, Trog's Hand


You were on level 4 of the Dungeon.
You worshipped Trog.
Trog was most pleased with you.
You visited 1 branch of the dungeon, and saw 4 of its levels.

You collected 204 gold pieces.

Inventory:

Hand Weapons
 a - a +0 hand axe (weapon)
Armour
 b - a +0 animal skin (worn)
Jewellery
 g - a ring of protection from cold
 l - a ring of poison resistance
Wands
 n - a wand of flame (11)
Scrolls
 c - a scroll of brand weapon {unknown}
 d - 7 scrolls of identify {unknown}
 h - a scroll of blinking {unknown}
 i - 3 scrolls of teleportation {unknown}
 j - a scroll of enchant weapon {unknown}
 k - a scroll of enchant armour {unknown}
 m - 2 scrolls of poison {unknown}
 o - a scroll of butterflies {unknown}
Potions
 e - 3 potions of heal wounds {unknown}
 f - 2 potions of haste {unknown}


   Skills:
 + Level 4.9 Fighting
 + Level 4.9 Axes
 + Level 4.1 Armour
 + Level 3.6 Dodging


You had 4 spell levels left.
You didn't know any spells.
Your spell library was empty.

Dungeon Overview and Level Annotations

Branches:
Dungeon (4/15)
 Temple: D:4-7

Altars:
Yredelemnul

Annotations:
D:3 3 runed translucent doors, javelincjr's ghost, amateur DsHW
D:4 3 runed translucent doors, Edmund; MathMan16's ghost, amateur GrEE


Innate Abilities, Weirdness & Mutations

You have a pair of horns on your head.
You reflexively headbutt those who attack you in melee.


Message History

Your punch misses the gnoll bouda.
The gnoll bouda is moderately wounded.
You closely miss the gnoll. The gnoll misses you.
The gnoll hits you with a +0 whip. The gnoll bouda closely misses you.
You closely miss the gnoll bouda.
The gnoll bouda is moderately wounded.
You hit the gnoll. The gnoll barely misses you.
The gnoll hits you with a +0 whip.
The gnoll bouda gazes fiercely through you!
You feel as though you will be weak longer.
The gnoll bouda hits you with a +0 whip.
* * * LOW HITPOINT WARNING * * *
You hit the gnoll bouda but do no damage.
You headbutt the gnoll bouda.
The gnoll bouda is heavily wounded.
You hit the gnoll but do no damage. You hit the gnoll bouda.
You headbutt the gnoll bouda.
You feel the power of Trog in you as your rage grows.
You kill the gnoll bouda!
Trog accepts your kill.
You hit the gnoll.
You kill the gnoll!
Trog accepts your kill. The gnoll barely misses you. x2
Your Armour skill increases to level 4!
The gnoll hits you with a +0 halberd!
* * * LOW HITPOINT WARNING * * *
Items here: )) ††.
You hit the gnoll.
The gnoll is lightly wounded.
You hit the gnoll. x2
Unknown command.
You slash the gnoll!
The gnoll is severely wounded.
You closely miss the gnoll. You hit the gnoll. The gnoll closely misses you.
You furiously retaliate!
You headbutt the gnoll!
You kill the gnoll!
Trog accepts your kill. The gnoll hits you with a +0 halberd!
You die...

............ ......
###........##.# ....
.........##
#####....##..##...
...........# ##..#
......#.............
.....#...#.....##..
#..............###. .#
##....##........#.#.
#...#.g)..###...........
......g@..##............
#.....#)................
#...# ###...#...........
##. #.....###.#.......
###......##.......
###..#.#.##.......
##....###.##.......
##.........#......##
#......).##.#........


You could see 2 gnolls.

Vanquished Creatures
  A hound (D:4)
  A gnoll bouda (D:4)
  Robin (D:2)
  3 adders
  4 gnolls
  A dart slug (D:2)
  2 orcs (D:3)
  8 ball pythons
  4 endoplasms
  2 giant cockroaches (D:4)
  15 goblins
  14 hobgoblins
  2 jackals (D:2)
  A bat (D:1)
  6 frilled lizards
  6 kobolds
  5 rats
76 creatures vanquished.

Notes
Turn   | Place    | Note
-------+----------+-------------------------------------------
     0 | D:1      | caek the Minotaur Berserker began the quest for the Orb.
     0 | D:1      | Reached XP level 1. HP: 19/19 MP: 0/0
   307 | D:1      | Reached XP level 2. HP: 26/27 MP: 1/1
   980 | D:2      | Reached XP level 3. HP: 32/33 MP: 2/2
  1023 | D:2      | Found a basalt altar of Yredelemnul.
  1027 | D:2      | Reached ** piety under Trog
  1238 | D:2      | Noticed Robin
  1247 | D:2      | Killed Robin
  1248 | D:2      | Reached XP level 4. HP: 23/41 MP: 3/3
  2230 | D:3      | Found a faded altar of an unknown god.
  2265 | D:3      | Found a runed translucent gate.
  2265 | D:3      | Found a runed translucent gate.
  2265 | D:3      | Noticed javelincjr's ghost (amateur DsHW)
  2266 | D:3      | Found a runed translucent gate.
  2964 | D:4      | Reached XP level 5. HP: 22/47 MP: 4/4
  3344 | D:4      | Found a runed translucent gate.
  3344 | D:4      | Found a runed translucent gate.
  3344 | D:4      | Found a runed translucent gate.
  3347 | D:4      | Noticed MathMan16's ghost (amateur GrEE)
  3437 | D:4      | Noticed Edmund
  3836 | D:4      | Reached *** piety under Trog
  3889 | D:4      | Slain by a gnoll

Illustrated notes

Levels and vault maps discovered:
D:1:      dpeg_arrival_tiny_k, layout_basic
D:2:      layout_rooms, basic_altar, uniq_robin
D:3:      layout_loops_corners, nicolae_ecumenical_snake_handling,
          ebering_ghost_rock_garden, minmay_misc_feat_cross
D:4:      layout_cave_pools, gammafunk_ghost_nasty_kobolds, uniq_edmund

Skill      XL: |  1  2  3  4  5 |
---------------+----------------+-----
Fighting       | 4 |  4.9
Axes           | 4 |  4.9
Armour         | 3 4 |  4.1
Dodging        | 3 |  3.6

Action                   |  1- 3 |  4- 6 || total
-------------------------+-------+-------++-------
Melee: Hand axe          |    73 |    71 ||   144
       Headbutt          |     7 |     9 ||    16
       Punch             |     3 |     2 ||     5
Invok: Berserk           |     2 |     1 ||     3
Armor: Animal skin       |     8 |     5 ||    13
Dodge: Dodged            |    43 |    53 ||    96
